 Dungeon Crawl Stone Soup version 0.28-a0-1080-g05a166d0ed (webtiles) character file.

Game seed: 8730051912713180490

453 pokeman the Magician (level 6, 0/34 HPs)
             Began as a Deep Elf Hedge Wizard on Dec 9, 2021.
             Was an Initiate of Vehumet.
             Killed by divine providence
             ... invoked by an orc priest
              (10 damage)
             ... on level 4 of the Dungeon.
             The game lasted 00:07:23 (3967 turns).

pokeman the Magician (Deep Elf Hedge Wizard)        Turns: 3967, Time: 00:07:23

Health: 0/34       AC:  3    Str:  7    XL:     6   Next: 75%
Magic:  2/17       EV: 12    Int: 21    God:    Vehumet [......]
Gold:   145        SH:  0    Dex: 14    Spells: 7/18 levels left

rFire   . . .      SeeInvis .   a - +0 dagger
rCold   . . .      Faith    .   (no shield)
rNeg    . . .      Spirit   .   l - +0 leather armour
rPois   .          Reflect  .   c - +0 hat
rElec   .          Harm     .   (no cloak)
rCorr   .          Rampage  .   (no gloves)
Will    .....                   (no boots)
Stlth   ++........              (no amulet)
HPRegen 0.11/turn               j - +4 ring of slaying
MPRegen 0.15/turn               (no ring)

@: very slightly contaminated
A: no striking features
a: Renounce Religion


You were on level 4 of the Dungeon.
You worshipped Vehumet.
Vehumet was noncommittal.
You visited 1 branch of the dungeon, and saw 4 of its levels.

You collected 145 gold pieces.

Inventory:

Hand Weapons
 a - a +0 dagger (weapon)
Missiles
 n - 20 arrows
Armour
 c - a +0 hat (worn)
 l - a +0 leather armour (worn)
Jewellery
 j - a +4 ring of slaying (left hand)
 o - an amulet of faith
Wands
 b - a wand of flame (15)
Scrolls
 d - 7 scrolls of identify {unknown}
 f - a scroll of blinking {unknown}
 g - a scroll of summoning {unknown}
 h - a scroll of enchant armour {unknown}
 m - a scroll of immolation {unknown}
Potions
 e - 3 potions of curing {unknown}
 i - a potion of heal wounds {unknown}
 k - a potion of berserk rage {unknown}


   Skills:
 - Level 1.0 Fighting
 - Level 1.0 Armour
 - Level 3.0 Dodging
 - Level 3.0 Stealth
 * Level 6.6 Spellcasting
 + Level 5.0 Conjurations
 - Level 1.1 Summonings
 - Level 1.1 Translocations
 - Level 1.2 Fire Magic
 - Level 1.0 Air Magic
 + Level 0.1 Poison Magic
 + Level 0.2 Evocations


You had 7 spell levels left.
You knew the following spells:

 Your Spells              Type           Power      Damage    Failure   Level
a - Magic Dart            Conj           100%       1d8       1%          1
b - Mephitic Cloud        Conj/Pois/Air  15%        N/A       17%         3
c - Call Imp              Summ           11%        N/A       13%         2
d - Blink                 Tloc           22%        N/A       13%         2
e - Conjure Flame         Conj/Fire      20%        6-21      11%         3

Your spell library contained the following spells:

 Spells                   Type           Power      Damage    Failure   Level
 Slow                     Hex            24%        N/A       14%         1


Dungeon Overview and Level Annotations

Branches:
Dungeon (4/15)
 Temple: D:4-7

Altars:
Gozag
Nemelex Xobeh
Vehumet

Shops:
D:2 [


Message History

The orc hits the orc with a +0 flail!
The orc is killed!
Vehumet accepts your kill.
Unknown command.
Casting: Conjure Flame (quite dangerous; 11% risk of failure)
Confirm with . or Enter, or press ? or * to list all spells.
The spell is quite dangerous to miscast (17% risk of failure)!
Continue anyway?
Aiming: Mephitic Cloud (quite dangerous; 17% risk of failure)
Press: ? - help, Shift-Dir - straight line, f - orc priest, p - orc
Aim: an orc priest, wielding a +0 club (lightly wounded, chance to affect: 86%)
You miscast Mephitic Cloud.
You are very lightly contaminated with residual magic.
You feel rather nauseous for a moment.
You are poisoned.
You feel sick.
The orc priest casts a cantrip, but nothing happens.
Casting: Mephitic Cloud (quite dangerous; 17% risk of failure)
Confirm with . or Enter, or press ? or * to list all spells.
Okay, then.
Unknown command.
There are no items here.
You feel sick.
Unknown command.
Casting: Mephitic Cloud (quite dangerous; 17% risk of failure)
Confirm with . or Enter, or press ? or * to list all spells.
The spell is quite dangerous to miscast (17% risk of failure)!
Continue anyway?
Aiming: Mephitic Cloud (quite dangerous; 17% risk of failure)
Press: ? - help, Shift-Dir - straight line, f/p - orc priest
Aim: an orc priest, wielding a +0 club (lightly wounded, chance to affect: 86%)
You miscast Mephitic Cloud.
Nothing appears to happen.
You feel sick.
The orc closely misses the orc priest.
Unknown command.
You feel sick.
The orc barely misses the orc priest.
Something hits the orc.
The orc is killed!
Vehumet accepts your kill.
You feel sick.
You are no longer poisoned.
The orc priest mumbles some strange prayers to Beogh against you.
Beogh smites you!
You die...

#.#.# #.#.[ #.###
#########.########
...............>..
######.#.#######.
#.#.# #.#.# #@#..
#ยง### #o#
o.....o.#
.o.o..).#
.o......#
.......(#
#.......#
..##.##.#


You could see 2 orc priests.

Vanquished Creatures
  Sigmund (D:2)
  An ogre (D:2)
  Jessica (D:3)
  Terence (D:3)
  3 orc wizards
  3 worms
  3 dart slugs
  6 orcs
  11 endoplasms
  4 giant cockroaches
  4 goblins
  5 hobgoblins
  3 ball pythons
  9 bats
  A frilled lizard (D:2)
  A jackal skeleton (D:2)
  4 kobolds
  4 rats
65 creatures vanquished.

Vanquished Creatures (collateral kills)
  2 adders (D:2)
  An endoplasm (D:2)
  A kobold (D:2)
  A rat (D:2)
5 creatures vanquished.

Grand Total: 70 creatures vanquished

Notes
Turn   | Place    | Note
-------+----------+-------------------------------------------
     0 | D:1      | pokeman the Deep Elf Hedge Wizard began the quest for the
                  | Orb.
     0 | D:1      | Reached XP level 1. HP: 10/10 MP: 7/7
   621 | D:1      | Reached XP level 2. HP: 15/15 MP: 4/9
  1468 | D:2      | Reached skill level 5 in Spellcasting
  1544 | D:2      | Found Guesuz's Antique Armour Shoppe.
  1726 | D:2      | Noticed an ogre
  1781 | D:2      | Reached XP level 3. HP: 20/20 MP: 9/11
  1785 | D:2      | Learned a level 3 spell: Mephitic Cloud
  1788 | D:2      | Learned a level 2 spell: Call Imp
  1791 | D:2      | Learned a level 2 spell: Blink
  1795 | D:2      | Learned a level 3 spell: Conjure Flame
  2116 | D:2      | Reached skill level 1 in Armour
  2120 | D:2      | Reached skill level 1 in Fighting
  2319 | D:2      | Killed an ogre
  2320 | D:2      | Reached skill level 6 in Spellcasting
  2320 | D:2      | Reached skill level 1 in Fire Magic
  2320 | D:2      | Reached XP level 4. HP: 25/25 MP: 2/14
  2320 | D:2      | Reached XP level 5. HP: 29/29 MP: 2/15
  2640 | D:2      | Noticed Sigmund
  2649 | D:2      | Killed Sigmund
  2650 | D:2      | Reached XP level 6. HP: 34/34 MP: 10/17
  2970 | D:3      | Found an opulent altar of Gozag.
  2970 | D:3      | Noticed Jessica
  2973 | D:3      | Killed Jessica
  3056 | D:3      | Noticed Terence
  3083 | D:3      | Killed Terence
  3226 | D:3      | Found a radiant altar of Vehumet.
  3234 | D:3      | Became a worshipper of Vehumet
  3376 | D:3      | Reached skill level 5 in Conjurations
  3377 | D:3      | Reached skill level 1 in Air Magic
  3540 | D:3      | Found a faded altar of an unknown god.
  3840 | D:3      | Found a sparkling altar of Nemelex Xobeh.
  3967 | D:4      | Killed from afar by an orc priest

Illustrated notes

Levels and vault maps discovered:
D:1:      dpeg_arrival_castle, layout_basic
D:2:      layout_loops_ring, serial_shops, nicolae_shop_trees, minmay_cut_off,
          uniq_sigmund
D:3:      layout_basic, nemelex_diamond_rough_becter,
          mainiacjoe_overflow_surrounded_room, nicolae_gozag_seed_capital,
          dreamdust_ecumenical_altar_sealed_demon, uniq_jessica, uniq_terence
D:4:      layout_basic, nzn_hepliaklqana_mist_gate,
          mainiacjoe_overflow_brackets, minmay_temple_entry_arrows

Skill      XL: |  1  2  3  4  5  6 |
---------------+-------------------+-----
Spellcasting   | 5 6 |  6.6
Armour         | 1 |  1.0
Conjurations   | 2 4 5 |  5.0
Fighting       | 1 |  1.0
Dodging        | 3 |  3.0
Fire Magic     | 1 |  1.2
Air Magic      | 1 |  1.0
Stealth        | 3 |  3.0
Summonings     | |  1.1
Translocations | |  1.1
Poison Magic   | |  0.1
Evocations     | |  0.2

Action                   |  1- 3 |  4- 6 || total
-------------------------+-------+-------++-------
Melee: Dagger            |     8 |    22 ||    30
 Cast: Magic Dart        |    98 |    33 ||   131
       Mephitic Cloud    |     2 |     7 ||     9
       Conjure Flame     |     2 |     5 ||     7
       Call Imp          |     1 |     1 ||     2
 Stab: Confused          |       |     1 ||     1
Armor: Robe              |     4 |       ||     4
       Leather armour    |       |     5 ||     5
Dodge: Dodged            |    15 |     7 ||    22

Table legend: (Time is in decaauts)
 A = Elapsed time spent in this place.
 B = Non-inter-level travel time spent in this place.
 C = Inter-level travel time spent in this place.
 D = Time resting spent in this place.
 E = Time spent auto-exploring this place.
 F = Levels seen in this place.
 G = Mean time per level.
                   A        B        C        D        E       F      G
               +--------+--------+--------+--------+--------+-----+--------+
         Total |   3968 |   3845 |    123 |    224 |   3148 |   4 |  992.0 |
       Dungeon |   3968 |   3845 |    123 |    224 |   3148 |   4 |  992.0 |
               +--------+--------+--------+--------+--------+-----+--------+

Top non-repeatable levels by time:
     D:1: 1488 daAuts
     D:2: 1467 daAuts
     D:3: 966 daAuts
     D:4: 45 daAuts
